 Dungeon Crawl Stone Soup version 0.19.5 (console) character file.

1480 CALLOUS the Conjurer (level 8, -3/70 HPs)
             Began as a Naga Conjurer on Apr 28, 2017.
             Slain by a killer bee (6 damage)
             ... on level 7 of the Dungeon.
             The game lasted 02:58:03 (8211 turns).

CALLOUS the Conjurer (Naga Conjurer)                Turns: 8211, Time: 02:58:03

Health: -3/70      AC:  4    Str: 12      XL:     8   Next: 79%
Magic:  5/11       EV: 10    Int: 16 (17) God:
Gold:   287        SH:  0    Dex: 11      Spells: 5 memorised, 1 level left

rFire  . . .     SeeInvis +     B - +2 spear (freeze)
rCold  . . .     Gourm    .     f - +0 robe
rNeg   . . .     Faith    .     (no shield)
rPois  +         Spirit   .     A - +0 helmet
rElec  .         Reflect  .     (no cloak)
rCorr  .         Harm     .     (no gloves)
MR     +....                    (no barding)
Stlth  +++.......               (no amulet)
                                (no ring)
                                (no ring)

@: lethally poisoned (-3 -> -6), short of breath, very slow
A: see invisible, deformed body, poison resistance, slowness 2, slow metabolism
1, spit poison 1, AC +2
a: Spit Poison


You were on level 7 of the Dungeon.
You were very hungry.

You visited 1 branch of the dungeon, and saw 7 of its levels.

You collected 287 gold pieces.

Inventory:

Hand Weapons
 a - a +2 dagger of venom
 q - a +0 hunting sling
 s - a +2 dagger of protection
 B - a +2 spear of freezing (weapon)
 N - a +1 trident of freezing
 Q - a +2 long sword of freezing
 T - a +0 hunting sling
Missiles
 l - 145 stones (quivered)
 o - 63 arrows
 r - 50 sling bullets
 L - 30 poisoned needles
 V - 29 bolts
 W - 6 javelins of penetration
Armour
 f - a +0 robe (worn)
 A - a +0 helmet (worn)
 H - a +0 buckler
 M - a +1 hat
 P - a +2 leather armour of cold resistance
Jewellery
 i - an uncursed amulet of faith {unknown}
 k - an uncursed ring of magical power {unknown}
 n - an uncursed ring of fire {unknown}
 E - an uncursed amulet of regeneration {unknown}
Wands
 S - a wand of flame (40/48)
Scrolls
 d - 2 scrolls of enchant weapon {unknown}
 e - 4 scrolls of remove curse {unknown}
 g - 5 scrolls of immolation {unknown}
 h - 5 scrolls of identify {unknown}
 m - a scroll of magic mapping {unknown}
 w - a scroll of blinking {unknown}
 x - 3 scrolls of amnesia {unknown}
 y - 2 scrolls of fog {unknown}
 z - 2 scrolls of teleportation {unknown}
Potions
 O - a potion of flight
Books
 b - a book of Conjurations

   Spells                             Type                      Level
   a - Magic Dart                     Conjuration                  1
   b - Searing Ray                    Conjuration                  2
   c - Dazzling Spray                 Conjuration/Hexes            3
   d - Fulminant Prism                Conjuration/Hexes            4
   e - Iskenderun's Mystic Blast      Conjuration                  4
   f - Iskenderun's Battlesphere      Conjuration/Charms           5
 J - a book of Minor Magic

   Spells                             Type                      Level
   a - Magic Dart                     Conjuration                  1
   b - Blink                          Translocation                2
   c - Call Imp                       Summoning                    2
   d - Repel Missiles                 Charms/Air                   2
   e - Slow                           Hexes                        2
   f - Conjure Flame                  Conjuration/Fire             3
   g - Mephitic Cloud                 Conjuration/Poison/Air       3
Comestibles
 c - 4 bread rations
 j - 2 fruits
 u - 2 meat rations


   Skills:
 * Level 3.6 Fighting
 + Level 3.0 Dodging
 + Level 5.5 Stealth
 - Level 2.0 Spellcasting
 * Level 6.8 Conjurations
 * Level 3.0 Hexes
 * Level 4.7 Summonings
 * Level 1.7 Translocations
 * Level 2.2 Evocations


You had one spell level left.
You knew the following spells:

 Your Spells              Type           Power        Failure   Level  Hunger
a - Magic Dart            Conj           ###.         1%          1    #......
b - Dazzling Spray        Conj/Hex       ###...       12%         3    ###....
c - Repel Missiles        Chrm/Air       #.....       30%         2    ###....
d - Call Imp              Summ           ###.....     6%          2    ###....
e - Blink                 Tloc           N/A          17%         2    ###....


Dungeon Overview and Level Annotations

Branches:
Dungeon (7/15)             Temple (0/1) D:7

Altars:
Dithmenos
Fedhas
Gozag
Kikubaaqudgha
Nemelex Xobeh
Okawaru
Qazlal
Uskayaw

Annotations:
D:3 1 exclusion
D:5 KonungCerber's ghost, amateur DDNe
D:7 exclusion: centaur


Innate Abilities, Weirdness & Mutations

You cannot wear boots.
Your serpentine skin is tough. (AC +2)
You have supernaturally acute eyesight. (SInv)
Armour fits poorly on your strangely shaped body.
Your system is resistant to poisons. (rPois)
You cover ground very slowly.
You have a slow metabolism.
You can spit poison.


Message History

* * * LOW HITPOINT WARNING * * *
You feel sick.
The killer bee barely misses your crimson imp.
Your crimson imp blinks!
Your transformation has ended.
Your +2 spear of freezing unmelds from your body.
Your +0 helmet unmelds from your body.
Your +0 robe unmelds from your body.
Your +2 spear of freezing glows with a cold blue light!
Wield which item (- for none, * to show all)? (? for menu, Esc to quit)
Okay, then.
Casting: Call Imp
Confirm with . or Enter, or press ? or * to list all spells.
Okay, then.
Unknown command.
Casting: Call Imp
Confirm with . or Enter, or press ? or * to list all spells.
A beastly little devil appears in a puff of frigid air.
* * * LOW HITPOINT WARNING * * *
You feel sick. The killer bee stings you.
You die...

#########.......###########.
#...........................
#.#######.#.........#######.
#.# #.#.........# #.#
#.#.........# #.#
#.#.........# #.#
#.#.........# ... #.#
#####.#####'##### [.. #.#
#....5....#.# ... #.#
#.........#.# #.. #.#
#......@y.#.# ####..
#.###......5..#(#######.c...
#>.)).....(...oo)....)(.....
##.)..#########.#######.....
#....# #.# #..... #....# #.#
#..... #....# #.# ######
#....# #.# #..... #.#
#...... #.# #....... #.#


You could see a killer bee, 2 orcs, a friendly crimson imp and a friendly white
imp.

Vanquished Creatures
  An ogre (D:4)
  A centaur (D:7)
  Dowan (D:7)
  2 scorpions (D:4)
  2 killer bees (D:7)
  A howler monkey (D:7)
  A crimson imp (D:6)
  A hound (D:6)
  Ijyb (D:3)
  Natasha (D:3)
  An orc wizard (D:3)
  3 worker ants
  3 gnolls (D:3)
  4 adders
  A shadow imp (D:7)
  An ooze (D:1)
  An adder skeleton (D:4)
  2 worms (D:2)
  A dart slug (D:2)
  2 leopard geckos
  6 orcs
  2 ball pythons
  11 bats
  A giant cockroach (D:2)
  9 goblins
  9 hobgoblins
  15 jackals
  2 quokkas
  7 frilled lizards
  6 kobolds
  A leopard gecko skeleton (D:5)
  A quokka skeleton (D:6)
  7 rats
108 creatures vanquished.

Vanquished Creatures (collateral kills)
  An unseen horror (D:7)
  Duvessa (D:7)
  A bullfrog (D:6)
  A killer bee (D:7)
  A howler monkey (D:7)
  A crimson imp (D:5)
  2 hounds (D:7)
  An orc wizard (D:7)
  2 adders
  A shadow imp (D:6)
  An ooze (D:6)
  A leopard gecko (D:7)
  7 orcs
21 creatures vanquished.

Grand Total: 129 creatures vanquished

Notes
Turn   | Place    | Note
-------+----------+-------------------------------------------
     0 | D:1      | CALLOUS the Naga Conjurer began the quest for the Orb.
     0 | D:1      | Reached XP level 1. HP: 15/15 MP: 3/3
   448 | D:1      | Reached XP level 2. HP: 24/24 MP: 1/5
   937 | D:1      | Reached XP level 3. HP: 30/30 MP: 6/6
  1368 | D:2      | Reached skill level 5 in Conjurations
  1486 | D:2      | Learned a level 3 spell: Dazzling Spray
  2243 | D:3      | Found an iron altar of Okawaru.
  2324 | D:3      | Noticed a hand axe
  2325 | D:3      | Found a hide-covered altar of Uskayaw.
  2326 | D:3      | Noticed a dagger
  2353 | D:3      | Reached XP level 4. HP: 34/37 MP: 7/7
  2416 | D:3      | Found a stormy altar of Qazlal.
  2576 | D:3      | Reached skill level 1 in Fighting
  2919 | D:3      | Reached XP level 5. HP: 12/44 MP: 0/8
  2920 | D:3      | Noticed Natasha
  3158 | D:3      | Noticed Ijyb
  3169 | D:3      | Killed Ijyb
  3611 | D:4      | Reached skill level 1 in Hexes
  3820 | D:4      | Reached XP level 6. HP: 52/52 MP: 7/9
  3832 | D:4      | Reached skill level 6 in Conjurations
  4275 | D:2      | Learned a level 2 spell: Repel Missiles
  4280 | D:2      | Learned a level 2 spell: Call Imp
  4517 | D:5      | Entered Level 5 of the Dungeon
  4527 | D:5      | Found a sparkling altar of Nemelex Xobeh.
  4527 | D:5      | Found an opulent altar of Gozag.
  4715 | D:5      | Found a blossoming altar of Fedhas.
  4717 | D:5      | Found an ancient bone altar of Kikubaaqudgha.
  5437 | D:6      | Found a shadowy altar of Dithmenos.
  5861 | D:7      | Noticed Duvessa
  5861 | D:7      | Noticed Dowan
  5949 | D:3      | Killed Natasha
  5949 | D:3      | Reached skill level 1 in Summonings
  5949 | D:3      | Reached XP level 7. HP: 50/61 MP: 1/10
  5954 | D:3      | Learned a level 2 spell: Blink
  6417 | D:5      | Noticed KonungCerber's ghost (amateur DDNe)
  6749 | D:6      | Reached skill level 1 in Evocations
  6899 | D:7      | Noticed an unseen horror
  6914 | D:7      | Killed an unseen horror
  6914 | D:7      | Reached skill level 5 in Stealth
  6914 | D:7      | Reached skill level 1 in Translocations
  6914 | D:7      | Reached XP level 8. HP: 55/69 MP: 3/11
  6998 | D:7      | Killed Duvessa
  7007 | D:7      | Killed Dowan
  7776 | D:7      | HP: 3/70 [poisoned by a killer bee]
  8141 | D:7      | Found a staircase to the Ecumenical Temple.
  8206 | D:7      | HP: 3/70 [killer bee (7)]
  8211 | D:7      | HP: 3/70 [poisoned by a killer bee]
  8211 | D:7      | Slain by a killer bee

Skill      XL: |  1  2  3  4  5  6  7  8 |
---------------+-------------------------+-----
Conjurations   | 5 6 |  6.8
Fighting       | 1 2 3 |  3.6
Dodging        | 2 3 |  3.0
Hexes          | 1 2 3 |  3.0
Stealth        | 4 5 |  5.5
Summonings     | 1 3 4 |  4.7
Evocations     | 1 2 |  2.2
Translocations | 1 |  1.7
Spellcasting   | |  2.0

Action                   |  1- 3 |  4- 6 |  7- 9 || total
-------------------------+-------+-------+-------++-------
Melee: Unarmed           |    13 |       |     5 ||    18
       Dagger            |    78 |    74 |    31 ||   183
       Spear             |       |     8 |    35 ||    43
Throw: Stone             |    88 |    64 |    34 ||   186
 Cast: Magic Dart        |    19 |    40 |       ||    59
       Call Imp          |       |     9 |    43 ||    52
       Repel Missiles    |       |     1 |       ||     1
 Abil: Spit Poison       |    18 |    23 |    29 ||    70
  Use: Potion            |     3 |     4 |     5 ||    12
 Stab: Sleeping          |     1 |     3 |     5 ||     9
  Eat: Chunk             |     4 |    10 |     7 ||    21
       Meat ration       |       |     1 |       ||     1
       Fruit             |       |       |     1 ||     1
Armor: Robe              |    33 |    28 |    16 ||    77
Dodge: Dodged            |    69 |    34 |    58 ||   161
       Deflected         |       |       |     2 ||     2
